AoeStats
← Barón de la Cerveza

Arabia

504359997Analyzed
1v1 RM · 29d ago on Sep 5, 2026· 60m 26s· 2 players
Game mode
Random Map
Map size
Tiny (2 player)
Population
200
Speed
Normal
Resources
Standard
Victory
Conquest
Starting age
Dark Age
Ending age
Imperial Age
RankedLock teamsTeams togetherTeam positionsShared explorationLock speedFull tech treeHidden civsTurbo modeCheats
Victory
Defeat
🇲🇽 Berbers · Mexico
1764
+19
🇲🇽 Huns · Mexico
1830
-19
Barón de la Cerveza
6:13 Loom
9:10 Feudal Age
11:27 Double-Bit Axe
18:00 Fletching
19:53 Wheelbarrow
23:59 Castle Age
23:26 Padded Archer Armor
24:38 Bodkin Arrow
25:43 Bow Saw
25:59 Husbandry
29:51 Bloodlines
30:35 Leather Archer Armor
31:27 Thumb Ring
33:06 Ballistics
36:10 Scale Barding Armor
40:14 Imperial Age
38:10 Horse Collar
40:01 Hand Cart
40:57 Bracer
41:28 Ring Archer Armor
42:06 Chemistry
41:04 Town Watch
42:09 Chain Barding Armor
41:15 Light Cavalry
41:41 Heavy Camel Rider
42:28 Gold Mining
42:28 Stone Mining
43:31 Forging
44:52 Plate Barding Armor
46:40 Iron Casting
46:22 Hussar
48:44 Blast Furnace
48:06 Elite Camel Archer
49:06 Conscription
50:34 Kasbah
51:11 Hoardings
DoN.Vergas
6:35 Loom
8:46 Feudal Age
9:15 Man-at-Arms
11:11 Double-Bit Axe
21:20 Castle Age
23:26 Husbandry
25:46 Wheelbarrow
25:22 Bow Saw
25:27 Horse Collar
30:58 Scale Barding Armor
32:29 Forging
35:36 Chain Barding Armor
35:54 Hand Cart
35:31 Gold Mining
36:39 Iron Casting
40:55 Imperial Age
38:40 Heavy Plow
39:15 Fletching
39:38 Bloodlines
40:44 Bodkin Arrow
40:55 Pikeman
41:35 Squires
41:37 Bracer
42:39 Chemistry
41:59 Ballistics
42:25 Parthian Tactics
43:08 Two-Man Saw
41:57 Halberdier
43:03 Masonry
44:27 Chemistry
43:06 Elite Skirmisher
44:21 Scale Mail Armor
46:06 Conscription
46:07 Atheism
46:10 Light Cavalry
47:24 Chain Mail Armor
48:09 Blast Furnace
47:51 Plate Barding Armor
51:23 Padded Archer Armor
52:58 Thumb Ring
53:48 Guilds
53:51 Hussar
Connection lost

Rejoining the realm…

Still unreachable

The connection could not be restored.

Session expired

The server has moved on; the page needs a fresh start.